 Dungeon Crawl Stone Soup version 0.28-a0-802-g09f76e8c00 (webtiles) character file.

Game seed: 9339518040628089420

9821 nicknak712 the Basher (level 11, -6/86 HPs)
             Began as a Demonspawn Fighter on Nov 6, 2021.
             Was a Priest of Ignis.
             Mangled by a death knight (10 damage)
             ... on level 10 of the Dungeon.
             The game lasted 00:49:31 (9263 turns).

nicknak712 the Basher (Demonspawn Fighter)          Turns: 9263, Time: 00:49:31

Health: -6/86      AC: 22    Str: 17 (20) XL:     11   Next: 28%
Magic:  13/13      EV:  8    Int:  6 (9)  God:    Ignis [***...]
Gold:   508        SH: 11    Dex: 20 (21) Spells: 1/12 levels left

rFire   + + +      SeeInvis +   f - +2 morningstar (freeze)
rCold   . . .      Faith    .   n - +0 kite shield
rNeg    . . .      Spirit   .   e - +4 scale mail {rF+}
rPois   .          Reflect  .   p - +0 helmet
rElec   .          Harm     .   (no cloak)
rCorr   .          Rampage  .   (no gloves)
Will    .....                   (no boots)
Stlth   ..........              w - amulet "Fairch" {+Inv rF+ Regen+ Str+2}
HPRegen 1.24/turn               z - ring of see invisible
MPRegen 0.13/turn               I - +6 ring of dexterity

@: sanguine armoured, studying Polearms
A: demonic guardian 1, powered by death 2, sanguine armour 2
a: Renounce Religion, Evoke Invisibility, Sea of Fire, Foxfire Swarm


You were on level 10 of the Dungeon.
You worshipped Ignis.
Ignis was most pleased with you.
You visited 1 branch of the dungeon, and saw 10 of its levels.

You collected 508 gold pieces.

Inventory:

Hand Weapons
 a - a +0 flail
 d - a +0 scythe of venom
 f - a +2 morningstar of freezing (weapon)
 i - a +5 fustibalus of flaming
Missiles
 h - 38 poisoned darts (quivered)
 v - 5 atropa-tipped darts
Armour
 b - a +0 scale mail
 c - a +0 buckler
 e - a +4 scale mail of fire resistance (worn)
 g - a +0 plate armour
 n - a +0 kite shield (worn)
 p - a +0 helmet (worn)
Jewellery
 w - the amulet "Fairch" (around neck) {+Inv rF+ Regen+ Str+2}
   (You took it off an orc wizard on level 5 of the Dungeon)

   [amulet of regeneration]

   Str:       It affects your strength (+2).
   rF:        It protects you from fire.
   +Inv:      It lets you turn invisible.
   Regen:     It increases your rate of health regeneration.
 z - a ring of see invisible (left hand)
 I - a +6 ring of dexterity (right hand)
 K - a ring of poison resistance
Wands
 l - a wand of acid (4)
 t - a wand of polymorph (5)
 x - a wand of paralysis (14)
 D - a wand of iceblast (8)
 F - a wand of flame (18)
Scrolls
 j - 8 scrolls of identify
 k - a scroll of fear
 m - 3 scrolls of vulnerability
 o - 2 scrolls of blinking
 u - 2 scrolls of immolation
 y - 2 scrolls of teleportation
Potions
 r - a potion of mutation
 s - a potion of resistance
 C - 2 potions of curing
 E - 2 potions of brilliance
 H - a potion of flight


   Skills:
 + Level 8.0 Fighting
 * Level 9.8 Maces & Flails
 + Level 2.6 Polearms
 * Level 9.2 Armour
 + Level 7.3 Shields
 - Level 1.4 Spellcasting
 - Level 0.5 Conjurations


You had one spell level left.
You knew the following spells:

 Your Spells              Type           Power      Damage    Failure   Level
a - Stone Arrow           Conj/Erth      0%         3d7       100%        3
b - Animate Armour        Summ/Erth      0%         N/A       100%        4
c - Summon Ice Beast      Ice/Summ       0%         N/A       100%        4

Your spell library contained the following spells:

 Spells                   Type           Power      Damage    Failure   Level
 Dazzling Flash           Conj/Hex       0%         N/A       100%        3
 Frozen Ramparts          Ice            0%         1d2       100%        3
 Inner Flame              Hex/Fire       0%         N/A       100%        3
 Cause Fear               Hex            0%         N/A       100%        4
 Ice Form                 Ice/Tmut       0%         N/A       100%        4
 Agony                    Necr           0%         N/A       100%        5
 Silence                  Hex/Air        0%         N/A       100%        5
 Discord                  Hex            0%         N/A       100%        8
 Lehudib's Crystal Spear  Conj/Erth      0%         10d2      100%        8


Dungeon Overview and Level Annotations

Branches:
Dungeon (10/15)            Temple (0/1) D:7            Lair (0/6) D:10
    Orc (0/2) D:10

Altars:
Cheibriados
Fedhas
Makhleb
Sif Muna
Xom
Zin
Ignis

Shops:
D:5 *   D:6 *

Portals:
Trove: D:10 (give 2 scrolls of acquirement)


Innate Abilities, Weirdness & Mutations

A weak demonic guardian rushes to your aid.
You regenerate health from kills.
When seriously injured, your bleeding wounds create thick armour. (AC +9)


Message History

Aiming: Throw Flame
Press: ? - help, Shift-Dir - straight line, f/p - death knight
Aim: a death knight, wielding a +0 battleaxe and wearing a +0 plate armour (lightly wounded, ally target, 72% to hit)
The puff of flame hits the death knight.
The death knight is lightly wounded.
The death knight mumbles some strange prayers to Yredelemnul against you.
Your body is wracked with pain!
Your blood congeals into armour.
Aiming: Paralyse
Press: ? - help, Shift-Dir - straight line, f/p - death knight
Aim: a death knight, wielding a +0 battleaxe and wearing a +0 plate armour (lightly wounded, ally target, chance to affect: 6%)
The death knight resists with almost no effort.
You block the death knight's attack.
The death knight hits your shadow imp with a +0 battleaxe!
Your shadow imp dies!
Your shadow imp disappears in a puff of smoke!
You feel better.
The death knight offers itself to Yredelemnul, and fills with unholy energy.
You puncture the death knight! You freeze the death knight.
The death knight is moderately wounded.
The death knight reflects your damage back at you!
The death knight barely misses you.
The death knight hits you with a +0 battleaxe!
You hit the death knight but do no damage.
The death knight is moderately wounded.
The death knight hits you with a +0 battleaxe!
* * * LOW HITPOINT WARNING * * *
You puncture the death knight! You freeze the death knight.
The death knight is heavily wounded.
The death knight reflects your damage back at you!
* * * LOW HITPOINT WARNING * * *
The death knight hits you but does no damage.
You puncture the death knight! You freeze the death knight.
The death knight is severely wounded.
The death knight reflects your damage back at you!
* * * LOW HITPOINT WARNING * * *
The death knight hits you but does no damage.
You hit the death knight but do no damage.
The death knight is severely wounded.
The death knight hits you with a +0 battleaxe!
You die...

*,..88....#....####
*....P....#....#
*#8....§..#....#
#.P...§§.#....#
#..#..§§§'....#
#..#######....##
#######..)...........#
#......p..........†..##
#......@..............#
#.....................##
#......########.........
#......# #.........
#......# #.........
######## #.........
#......... #.........
##########


You could see a death knight (reflects damage).

Vanquished Creatures
  Erolcha (D:9)
  A two-headed ogre (D:9)
  A phantasmal warrior (D:10)
  An ugly thing (D:9)
  Prince Ribbit (D:7)
  A meliai zombie (D:10)
  Sigmund (D:3)
  A wyvern (D:8)
  2 wraiths (D:10)
  12 yaks
  4 steam dragons
  Menkaure (D:6)
  A water moccasin (D:9)
  A hornet zombie (D:8)
  2 orc warriors
  A sky beast (D:7)
  A black bear (D:8)
  4 necrophages
  An ogre (D:4)
  7 centaurs
  3 kobold brigands
  4 bullfrogs
  A wyvern zombie (D:6)
  2 water moccasin skeletons
  7 killer bees
  A howler monkey (D:9)
  A crimson imp (D:10)
  A jelly (D:5)
  3 centaur zombies
  3 hounds
  6 orc priests
  9 iguanas
  11 orc wizards
  4 killer bee zombies
  A hound zombie (D:5)
  2 hound skeletons (D:4)
  4 gnolls
  10 adders
  A howler monkey skeleton (D:6)
  An adder skeleton (D:4)
  2 worms
  3 dart slugs
  35 orcs
  7 ball pythons
  5 bats
  4 endoplasms
  3 giant cockroaches
  7 goblins
  10 hobgoblins
  6 jackals
  8 kobolds
  2 quokkas
  2 frilled lizards
  4 rats
218 creatures vanquished.

Vanquished Creatures (collateral kills)
  A vault guard (D:10)
  A centaur (D:9)
  A killer bee (D:9)
3 creatures vanquished.

Vanquished Creatures (others)
  37 foxfires
37 creatures vanquished.

Grand Total: 258 creatures vanquished

Notes
Turn   | Place    | Note
-------+----------+-------------------------------------------
     0 | D:1      | nicknak712 the Demonspawn Fighter began the quest for the
                  | Orb.
     0 | D:1      | Reached XP level 1. HP: 18/18 MP: 1/1
   727 | D:1      | Gained mutation: When seriously injured, your bleeding
                  | wounds create armour. (AC +9) [demonic ancestry]
   727 | D:1      | Reached XP level 2. HP: 24/24 MP: 2/2
   877 | D:1      | Found a faded altar of an unknown god.
   884 | D:1      | Prayed at the altar of an unknown god.
   884 | D:1      | Became a worshipper of Ignis, the Dying Flame
  1473 | D:1      | Gained mutation: When seriously injured, your bleeding
                  | wounds create thick armour. (AC +9) [demonic ancestry]
  1473 | D:1      | Reached XP level 3. HP: 29/29 MP: 3/3
  1617 | D:2      | Found a shimmering blue altar of Sif Muna.
  1932 | D:2      | Gained mutation: You regenerate a little health from kills.
                  | [demonic ancestry]
  1932 | D:2      | Reached XP level 4. HP: 22/35 MP: 4/4
  2508 | D:3      | Gained mutation: You regenerate health from kills. [demonic
                  | ancestry]
  2508 | D:3      | Reached XP level 5. HP: 42/42 MP: 5/5
  2647 | D:3      | Noticed Sigmund
  2672 | D:3      | Killed Sigmund
  2673 | D:3      | Reached XP level 6. HP: 19/48 MP: 6/6
  3211 | D:4      | Noticed a steam dragon
  3227 | D:4      | Killed a steam dragon
  3713 | D:4      | Reached XP level 7. HP: 49/55 MP: 7/7
  4039 | D:4      | Learned a level 3 spell: Stone Arrow
  4499 | D:5      | Entered Level 5 of the Dungeon
  4691 | D:5      | Reached skill level 5 in Maces & Flails
  4976 | D:5      | Identified the amulet "Fairch" {+Inv rF+ Regen+ Str+2}
  5001 | D:5      | Reached skill level 1 in Spellcasting
  5082 | D:5      | Found Hagaiq's Overcharged Wands.
  5196 | D:5      | Learned a level 4 spell: Animate Armour
  5229 | D:5      | Reached skill level 5 in Fighting
  5238 | D:5      | Identified 2 scrolls of acquirement
  5239 | D:5      | Acquired a +2 morningstar of freezing
  5368 | D:5      | Reached XP level 8. HP: 62/62 MP: 8/10
  5880 | D:6      | Reached skill level 5 in Armour
  5912 | D:6      | Found a blossoming altar of Fedhas.
  5912 | D:6      | Found a snail-covered altar of Cheibriados.
  5947 | D:6      | Noticed Menkaure
  5951 | D:6      | Killed Menkaure
  6158 | D:6      | Found Cigivut's Commerce Corner.
  6260 | D:6      | Reached skill level 5 in Shields
  6590 | D:7      | Noticed Prince Ribbit
  6640 | D:7      | Killed Prince Ribbit
  6641 | D:7      | Reached XP level 9. HP: 63/69 MP: 11/11
  6800 | D:7      | Found a staircase to the Ecumenical Temple.
  7569 | D:9      | Gained mutation: A weak demonic guardian rushes to your
                  | aid. [demonic ancestry]
  7569 | D:9      | Reached XP level 10. HP: 50/77 MP: 12/12
  8039 | D:9      | Noticed a two-headed ogre
  8049 | D:9      | Killed a two-headed ogre
  8091 | D:9      | Noticed a purple ugly thing
  8142 | D:9      | Killed a purple ugly thing
  8187 | D:9      | Learned a level 4 spell: Summon Ice Beast
  8336 | D:9      | Noticed Erolcha
  8344 | D:9      | Killed Erolcha
  8345 | D:9      | Reached skill level 1 in Polearms
  8345 | D:9      | Reached XP level 11. HP: 78/85 MP: 13/13
  8569 | D:10     | Entered Level 10 of the Dungeon
  8660 | D:10     | Found a staircase to the Lair.
  8692 | D:10     | Noticed a vault guard
  8703 | D:10     | Killed a vault guard
  8707 | D:10     | Found a portal to a secret trove of treasure.
  8730 | D:10     | Found a burning altar of Makhleb.
  8731 | D:10     | Found a shimmering altar of Xom.
  8811 | D:10     | Noticed a death knight
  8811 | D:10     | Noticed a phantasmal warrior
  8838 | D:10     | Killed a phantasmal warrior
  8926 | D:10     | HP: 2/86 [mirror damage (4)]
  9250 | D:10     | Acquired a +5 fustibalus of flaming
  9262 | D:10     | HP: 1/86 [mirror damage (10)]
  9263 | D:10     | Mangled by a death knight

Illustrated notes

Levels and vault maps discovered:
D:1:      eino_arrival_water_cross, layout_basic,
          shapermc_ecumenical_altar_mp_ritualfount
D:2:      layout_loops_cross, basic_altar
D:3:      layout_rooms, zin_statuary, uniq_sigmund
D:4:      layout_basic
D:5:      cheibrodos_iron_armory, layout_rooms, nicolae_shop_overcharged_wands
D:6:      layout_loops_corners, gammafunk_temple_overflow_elements,
          nicolae_alphabet_shops, minmay_crystal_room, uniq_menkaure
D:7:      layout_rooms, minmay_temple_entry_grid, uniq_prince_ribbit1
D:8:      layout_rooms, serial_glass, glass_columns_c, glass_columns_a,
          minmay_manual_macuahuitl
D:9:      minmay_clustersquares, layout_irregular_city,
          chequers_serial_rivers_large_a, uniq_erolcha
D:10:     layout_irregular_city, grunt_temple_overflow_champion_of_chaos,
          vehumet_statue, lair_entry_dummy, david_orc_1_choice, enter_trove_5,
          serial_undead, serial_undead_a, serial_undead_a, serial_undead_d,
          serial_undead_a, serial_undead_c, serial_undead_f

Skill      XL: |  1  2  3  4  5  6  7  8  9 10 11 |
---------------+----------------------------------+-----
Maces & Flails | 2 3 4 5 6 8 9 |  9.8
Armour         | 3 4 5 7 8 9 |  9.2
Shields        | 3 4 5 6 7 |  7.3
Fighting       | 4 5 6 7 8 |  8.0
Spellcasting   | 1 |  1.4
Polearms       | 1 2 |  2.6
Conjurations   | |  0.5

Action                   |  1- 3 |  4- 6 |  7- 9 | 10-12 || total
-------------------------+-------+-------+-------+-------++-------
Melee: Flail             |   120 |   202 |   126 |       ||   448
       Unarmed           |       |     3 |       |       ||     3
       Morningstar       |       |       |   253 |   229 ||   482
Throw: Dart              |       |       |     4 |       ||     4
Invok: Sea of Fire       |       |       |     1 |     2 ||     3
       Foxfire Swarm     |       |       |     1 |     1 ||     2
       Rising Flame      |       |       |       |     1 ||     1
Evoke: Wand              |       |       |       |     7 ||     7
  Use: Potion            |       |     2 |     2 |    10 ||    14
       Scroll            |       |       |    11 |     7 ||    18
Armor: Scale mail        |    75 |   124 |   218 |   157 ||   574
       Skin              |       |     1 |       |       ||     1
Dodge: Dodged            |    73 |    64 |   147 |   121 ||   405
Block: Buckler           |    27 |     1 |       |       ||    28
       Kite shield       |       |   100 |   218 |   195 ||   513

Table legend: (Time is in decaauts)
 A = Elapsed time spent in this place.
 B = Non-inter-level travel time spent in this place.
 C = Inter-level travel time spent in this place.
 D = Time resting spent in this place.
 E = Time spent auto-exploring this place.
 F = Levels seen in this place.
 G = Mean time per level.
                   A        B        C        D        E       F      G
               +--------+--------+--------+--------+--------+-----+--------+
         Total |   9589 |   9359 |    230 |   2065 |   4931 |  10 |  958.9 |
       Dungeon |   9589 |   9359 |    230 |   2065 |   4931 |  10 |  958.9 |
               +--------+--------+--------+--------+--------+-----+--------+

Top non-repeatable levels by time:
     D:1: 1541 daAuts
     D:9: 1393 daAuts
     D:4: 1345 daAuts
     D:5: 1037 daAuts
     D:3: 933 daAuts
     D:6: 921 daAuts
     D:2: 827 daAuts
     D:8: 588 daAuts
     D:7: 540 daAuts
    D:10: 460 daAuts
